 Dungeon Crawl Stone Soup version 0.31-a0-600-g62dffe198b (webtiles) character file.

Game seed: 16890495704396247155

46 Essalna the Digger (level 3, 0/21 HPs)
             Began as a Gargoyle Earth Elementalist on Aug 21, 2023.
             Slain by an orc
             ... wielding a +0 dagger
              (3 damage)
             ... on level 2 of the Dungeon.
             The game lasted 00:02:36 (1442 turns).

Essalna the Digger (Gargoyle Earth Elementalist)    Turns: 1442, Time: 00:02:36

Health: 0/21       AC:  6    Str: 11    XL:     3   Next: 66%
Magic:  0/6        EV: 11    Int: 17    God:
Gold:   135        SH:  5    Dex: 10    Spells: 2/6 levels left

rFire   . . .        l - +0 dagger (flame)
rCold   . . .        (no shield)
rNeg    + . .        a - +0 robe
rPois   ∞            (no helmet)
rElec   +            (no cloak)
rCorr   .            (no gloves)
SInv    .            h - +0 pair of boots
Will    .....        b - amulet of reflection
Stlth   ++           (no ring)
HPRegen 0.23/turn    (no ring)
MPRegen 0.10/turn

%: reflection
@: brilliant
A: sickness immunity, AC +3, negative energy resistance 1, electricity
resistance, torment resistance 1, petrification resistance
a: no special abilities


You were on level 2 of the Dungeon.
You visited 1 branch of the dungeon, and saw 3 of its levels.

You collected 135 gold pieces.

Inventory:

Hand Weapons
 l - a +0 dagger of flaming (weapon)
Armour
 a - a +0 robe (worn)
 d - a +0 buckler
 h - a +0 pair of boots (worn)
Jewellery
 b - an amulet of reflection (around neck)
Scrolls
 g - a scroll of enchant weapon {unknown}
 i - 3 scrolls of identify {unknown}
 j - 3 scrolls of teleportation {unknown}
 k - a scroll of revelation {unknown}
 m - a scroll of poison {unknown}
 n - a scroll of summoning {unknown}
Potions
 c - a potion of brilliance
 e - 2 potions of curing {unknown}
 f - a potion of cancellation {unknown}


   Skills:
 + Level 2.3 Fighting
 - Level 1.5 Dodging
 - Level 2.1 Stealth
 - Level 2.0 Spellcasting
 + Level 0.3 Conjurations
 - Level 0.7 Transmutations
 + Level 4.6 Earth Magic


You had 2 spell levels left.
You knew the following spells:

 Your Spells              Type           Power      Damage    Failure   Level
a - Sandblast             Erth           52%        2d12      3%          1
b - Stone Arrow           Conj/Erth      30%        3d8       22%         3

Your spell library contained the following spells:

 Spells                   Type           Power      Damage    Failure   Level
 Passwall                 Tmut/Erth      13%        N/A       10%         2
 Ensorcelled Hibernation  Hex/Ice        4%         N/A       28%         2
 Swiftness                Air            2%         N/A       50%         3
 Petrify                  Tmut/Erth      16%        N/A       54%         4


Dungeon Overview and Level Annotations

Branches:
Dungeon (3/15)

Altars:
Kikubaaqudgha


Innate Abilities, Weirdness & Mutations

You are immune to sickness and miasma.
Your stone body is resilient. (AC +3)
You are immune to poison.
You resist negative energy. (rN+)
You are resistant to electric shocks. (rElec)
You are resistant to unholy torment.
You are immune to petrification.


Message History

You block the orc's attack. The orc attacks as it pursues you!
The orc hits you with a +0 dagger.
Casting: Sandblast (safe; 3% risk of failure)
Confirm with . or Enter, or press ? or * to list all spells.
Aiming: Sandblast (safe; 3% risk of failure)
Press: ? - help, Shift-Dir - straight line, f/p - orc
Aim: an orc, wielding a +0 flail and wearing a +0 chain mail (87% to hit)
The blast of sand hits the orc but does no damage.
You block the orc's attack. x2; The orc hits you with a +0 dagger.
The orc misses you.
Casting: Sandblast (safe; 3% risk of failure)
Confirm with . or Enter, or press ? or * to list all spells.
Aiming: Sandblast (safe; 3% risk of failure)
Press: ? - help, Shift-Dir - straight line, f/p - orc
Aim: an orc, wielding a +0 flail and wearing a +0 chain mail (87% to hit)
The blast of sand hits the orc but does no damage.
The orc barely misses you. The orc completely misses you.
Casting: Sandblast (safe; 3% risk of failure)
Confirm with . or Enter, or press ? or * to list all spells.
Aiming: Sandblast (safe; 3% risk of failure)
Press: ? - help, Shift-Dir - straight line, f/p - orc
Aim: an orc, wielding a +0 flail and wearing a +0 chain mail (87% to hit)
The blast of sand hits the orc but does no damage.
You block the orc's attack. The orc hits you but does no damage.
The orc hits you with a +0 dagger.
* * * LOW HITPOINT WARNING * * *
The orc closely misses you.
Casting: Sandblast (safe; 3% risk of failure)
Confirm with . or Enter, or press ? or * to list all spells.
Aiming: Sandblast (safe; 3% risk of failure)
Press: ? - help, Shift-Dir - straight line, f/p - orc
Aim: an orc, wielding a +0 flail and wearing a +0 chain mail (87% to hit)
The blast of sand hits the orc but does no damage.
The orc closely misses you. The orc hits you with a +0 flail.
* * * LOW HITPOINT WARNING * * *
It was a potion of brilliance.
You feel clever all of a sudden. The orc barely misses you.
You block the orc's attack. The orc hits you with a +0 dagger.
You die...

~~~#####~~~~~~~~~####..#≈###.#..≈
#~~~~~~~~~#####~~~~###.#####.#.#.
#####~~~####..###~~~~#.####....#.
##~~~~##....##~......##.)..#~
######..#.##.#.##.#.........
#.#.#.>......#..........
#......#.#..#.#....#....
#....oo..#..#.#.........
#..._..@.#....####....##
#......#..............#
##.....#.#..####.#...##
###.###.#..# ##.###.### #.#
#.#..###<..#..... #.#
#........#....### #.#
###..###...#..# #.# #..# ##.##..#
#.# #..####.##..# #


You could see 2 orcs.

Vanquished Creatures
  An adder (D:3)
  A worm (D:2)
  2 ball pythons
  4 endoplasms
  3 giant cockroaches
  6 goblins
  2 hobgoblins
  A quokka (D:2)
  4 bats
  2 frilled lizards
  2 kobolds
  A rat (D:2)
29 creatures vanquished.

Notes
Turn   | Place    | Note
-------+----------+-------------------------------------------
     0 | D:1      | Essalna the Gargoyle Earth Elementalist began the quest for
                  | the Orb.
     0 | D:1      | Reached XP level 1. HP: 10/10 MP: 3/3
   226 | D:1      | Reached skill level 1 in Fighting
   226 | D:1      | Reached XP level 2. HP: 16/16 MP: 3/5
   228 | D:1      | Reached skill level 4 in Earth Magic
   351 | D:1      | You fall into a shaft and drop 1 floor!
   807 | D:2      | Reached XP level 3. HP: 21/21 MP: 4/6
  1150 | D:2      | Found an ancient bone altar of Kikubaaqudgha.
  1409 | D:2      | Learned a level 3 spell: Stone Arrow
  1442 | D:2      | Slain by an orc

Illustrated notes

Levels and vault maps discovered:
D:1:      pf_arrival_petrified_forest, layout_basic
D:2:      layout_loops_ring, basic_altar, serial_rivers,
          chequers_serial_rivers_marsh, chequers_serial_rivers_small_b,
          chequers_serial_rivers_large_b, chequers_serial_rivers_micro_e,
          chequers_serial_rivers_small_a, chequers_serial_rivers_marsh,
          st_stairs_6, minmay_misc_feat_alley, minmay_misc_feat_five
D:3:      layout_basic, mainiacjoe_overflow_alcove_4, basic_ecumenical_altar,
          skrybe_limestone_x

Skill      XL: |  1  2  3 |
---------------+----------+-----
Fighting       | 1 2 |  2.3
Earth Magic    | 4 |  4.6
Dodging        | |  1.5
Stealth        | |  2.1
Spellcasting   | |  2.0
Conjurations   | |  0.3
Transmutations | |  0.7

Action                     || total
---------------------------++-------
  Melee: Dagger            ||     3
   Cast: Sandblast         ||    50
    Use: Potion            ||     2
   Stab: Sleeping          ||     2
 Armour: Robe              ||     6
  Dodge: Dodged            ||    29
  Block: Other             ||     6

Table legend: (Time is in decaauts)
 A = Elapsed time spent in this place.
 B = Non-inter-level travel time spent in this place.
 C = Inter-level travel time spent in this place.
 D = Time resting spent in this place.
 E = Time spent auto-exploring this place.
 F = Levels seen in this place.
 G = Mean time per level.
                   A        B        C        D        E       F      G
               +--------+--------+--------+--------+--------+-----+--------+
         Total |   1518 |   1465 |     53 |      0 |   1228 |   3 |  506.0 |
       Dungeon |   1518 |   1465 |     53 |      0 |   1228 |   3 |  506.0 |
               +--------+--------+--------+--------+--------+-----+--------+

Top non-repeatable levels by time:
     D:2: 965 daAuts
     D:1: 548 daAuts
     D:3: 4 daAuts
